 Dungeon Crawl Stone Soup version 0.27-a0-1193-g8631133539 (webtiles) character file.

Game seed: 11367797986899366758

105 Delamore the Skirmisher (level 4, -2/26 HPs)
             Began as a Gargoyle Fighter on May 25, 2021.
             Killed by divine providence
             ... invoked by an orc priest
              (13 damage)
             ... on level 3 of the Dungeon.
             The game lasted 00:02:11 (2898 turns).

Delamore the Skirmisher (Gargoyle Fighter)          Turns: 2898, Time: 00:02:12

Health: -2/26      AC: 15    Str: 20    XL:     4   Next: 83%
Magic:  4/4        EV:  5    Int:  9    God:
Gold:   112        SH:  9    Dex:  9    Spells: 3/3 levels left

rFire    + . .     SeeInvis +   j - +1 whip (freeze)
rCold    . . .     Faith    .   c - +0 kite shield
rNeg     + . .     Spirit   .   m - +2 chain mail {rF+}
rPois    ∞         Reflect  .   (no helmet)
rElec    +         Harm     .   (no cloak)
rCorr    .         Rampage  .   (no gloves)
Will     .....                  h - +0 pair of boots
Stlth    ..........             (no amulet)
HPRegen  0.08/turn              (no ring)
MPRegen  0.09/turn              (no ring)

@: no status effects
A: sickness immunity, AC +3, negative energy resistance 1, electricity
resistance, torment resistance 1, petrification resistance, see invisible, frail
1
a: no special abilities


You were on level 3 of the Dungeon.
You visited 1 branch of the dungeon, and saw 3 of its levels.

You collected 112 gold pieces.

Inventory:

Hand Weapons
 a - a +0 flail
 j - a +1 whip of freezing (weapon)
Armour
 b - a +0 scale mail
 c - a +0 kite shield (worn)
 h - a +0 pair of boots (worn)
 m - a +2 chain mail of fire resistance (worn)
Scrolls
 e - a scroll of noise {unknown}
 f - a scroll of fear
 g - a scroll of magic mapping {unknown}
 i - a scroll of blinking {unknown}
 k - a scroll of teleportation
Potions
 d - a potion of might


   Skills:
 + Level 4.1 Fighting
 * Level 3.7 Maces & Flails
 - Level 3.2 Armour
 + Level 4.0 Shields


You had 3 spell levels left.
You didn't know any spells.
Your spell library contained the following spells:

 Spells                   Type           Power      Damage    Failure   Level
 Magic Dart               Conj           0%         1d3       100%        1
 Blink                    Tloc           N/A        N/A       100%        2
 Call Imp                 Summ           0%         N/A       100%        2
 Searing Ray              Conj           0%         3d3       100%        2
 Slow                     Hex            0%         N/A       100%        2
 Conjure Flame            Conj/Fire      0%         6-21      100%        3
 Dazzling Flash           Conj/Hex       0%         N/A       100%        3
 Mephitic Cloud           Conj/Pois/Air  0%         N/A       100%        3
 Fulminant Prism          Conj/Hex       0%         3d6       100%        4
 Iskenderun's Mystic Bla  Conj/Tloc      0%         2d3       100%        4


Dungeon Overview and Level Annotations

Branches:
Dungeon (3/15)

Altars:

Annotations:
D:3 Grinder


Innate Abilities, Weirdness & Mutations

You are immune to sickness and miasma.
Your stone body is resilient. (AC +3)
You are immune to poison.
You resist negative energy. (rN+)
You are resistant to electric shocks. (rElec)
You are resistant to unholy torment.
You are immune to petrification.
You have supernaturally acute eyesight. (SInv)
You are frail. (-10% HP)


Message History

Things that are here:
a +0 club; a goblin corpse
Found a club.
There is a stone staircase leading up here.
Found an escape hatch in the floor.
An orc wizard comes into view. It is wielding a +0 dagger.
The orc wizard shouts!
An orc comes into view. It is wielding a +0 short sword.
The orc wizard moves out of view.
An orc comes into view. It is wielding a +0 dagger of flaming.
The orc shouts! x2; You hear a shout!
An orc priest comes into view. It is wielding a +0 dagger.
Found a stone staircase leading down.
You start waiting.
An orc is nearby!
An orc comes into view. It is wielding a +0 whip.
The orc shouts!
You hear a shout!
You hit the orc. You freeze the orc.
You kill the orc!
The orc priest shouts!
You hit the orc wizard. You freeze the orc wizard.
The orc wizard is heavily wounded.
The orc priest mumbles some strange prayers to Beogh against you.
Beogh smites you!
Ouch! That really hurt!
You hear a shout!
You are too injured to fight recklessly!
You are too injured to fight recklessly!
You hit the orc wizard. You freeze the orc wizard.
The orc wizard is severely wounded.
You block the orc wizard's attack.
You barely miss the orc wizard.
The orc wizard is severely wounded.
You whack the orc wizard! You freeze the orc wizard.
You kill the orc wizard!
Your Shields skill increases to level 4!
The orc priest calls down the wrath of Beogh upon you.
Beogh smites you!
Ouch! That really hurt!
You die...

..# ##.P♣♣♣..<
#.# ##..P♣P....
#.# #.♣♣♣P.....
#.# ###P..P......
#.###...♣♣PPP.###
#.#....P.P..#.#
#...##.♣......#
##.####.P..###.#
## ####@.#
##.......# #..
#oo...#
##........##
###...###.###.#
#..........#
oo.o....o.# #.#
#..........#
..##.#.#### #.#
#..........# #>
#.# #..........#
#. ...
#..........# ##
... ##.<.)....##
.> #.........[#


You could see an orc priest and 2 orcs.

Vanquished Creatures
  Terence (D:2)
  An orc wizard (D:3)
  3 dart slugs
  An orc (D:3)
  2 bats
  5 endoplasms
  4 giant cockroaches
  6 goblins
  4 hobgoblins
  4 jackals
  3 kobolds
  A quokka (D:1)
  4 ball pythons
  A frilled lizard (D:1)
40 creatures vanquished.

Vanquished Creatures (others)
  7 plants (D:3)
7 creatures vanquished.

Grand Total: 47 creatures vanquished

Notes
Turn   | Place    | Note
-------+----------+-------------------------------------------
     0 | D:1      | Delamore the Gargoyle Fighter began the quest for the Orb.
     0 | D:1      | Reached XP level 1. HP: 14/14 MP: 1/1
   224 | D:1      | Reached XP level 2. HP: 19/19 MP: 2/2
   714 | D:1      | Found a faded altar of an unknown god.
  1030 | D:1      | Reached XP level 3. HP: 23/23 MP: 3/3
  1786 | D:2      | Noticed Terence
  1803 | D:2      | Killed Terence
  1804 | D:2      | Reached XP level 4. HP: 15/29 MP: 4/4
  2150 | D:3      | Noticed Grinder
  2161 | D:3      | Paralysed by Grinder for 2 turns
  2293 | D:3      | Paralysed by Grinder for 7 turns
  2483 | D:3      | Paralysed by Grinder for 3 turns
  2494 | D:3      | Paralysed by Grinder for 6 turns
  2501 | D:3      | Gained mutation: You have supernaturally acute eyesight.
                  | (SInv) [potion of mutation]
  2501 | D:3      | Gained mutation: You are frail. (-10% HP) [potion of
                  | mutation]
  2898 | D:3      | Killed from afar by an orc priest

Illustrated notes

Levels and vault maps discovered:
D:1:      sevenhm_arrival_forest_fort_small_6, layout_loops_ring,
          basic_ecumenical_altar
D:2:      layout_rooms, uniq_terence
D:3:      layout_rooms, serial_forest, infiniplex_forest_end_3,
          infiniplex_forest_clump_diagonal, infiniplex_forest_lined_2,
          infiniplex_forest_clump_cross, infiniplex_forest_clump_double,
          infiniplex_forest_lined_corner, uniq_grinder, uniq_crazy_yiuf_cottage

Skill      XL: |  1  2  3  4 |
---------------+-------------+-----
Maces & Flails | 3 |  3.7
Fighting       | 4 |  4.1
Shields        | 4 |  4.0
Armour         | |  3.2

Action                   |  1- 3 |  4- 6 || total
-------------------------+-------+-------++-------
Melee: Flail             |   111 |       ||   111
       Whip              |    16 |    63 ||    79
  Use: Scroll            |       |     2 ||     2
       Potion            |       |     2 ||     2
Armor: Scale mail        |    62 |       ||    62
       Chain mail        |       |    35 ||    35
Dodge: Dodged            |    43 |     4 ||    47
Block: Kite shield       |    76 |    22 ||    98

Table legend: (Time is in decaauts)
 A = Elapsed time spent in this place.
 B = Non-inter-level travel time spent in this place.
 C = Inter-level travel time spent in this place.
 D = Time resting spent in this place.
 E = Time spent auto-exploring this place.
 F = Levels seen in this place.
 G = Mean time per level.
                   A        B        C        D        E       F      G
               +--------+--------+--------+--------+--------+-----+--------+
         Total |   2970 |   2869 |    101 |    868 |   1553 |   3 |  990.0 |
       Dungeon |   2970 |   2869 |    101 |    868 |   1553 |   3 |  990.0 |
               +--------+--------+--------+--------+--------+-----+--------+

Top non-repeatable levels by time:
     D:2: 1470 daAuts
     D:1: 1300 daAuts
     D:3: 199 daAuts
